Map: [ESL] Tropical Sacrifice

Players

gumiho

  • Race: Terran Terran
  • Spawn Location: 7:00

LiquidClem (Clem) - Winner!

  • Race: Terran Terran
  • League: Grandmaster
  • Spawn Location: 1:00

Event: HomeStory Cup XXII

VOD

Have the link to the VOD?

Description

Time

  • Played on: Dec. 17, 2022, 6:05 p.m.
  • Length: 14:32

All games in this series

Show
View Real Time Build Order
Export as new Build Order

gumiho Terran 

Build Orders:  

Get SALT Encoding   

  12  0:00  SCV  
  13  0:12  SCV  
  14  0:17  Supply Depot  
  14  0:24  SCV  
  15  0:39  SCV  
  15  0:40  Barracks  
  16  0:43  Refinery  
  16  0:51  SCV  
  16  0:54  Refinery  
  17  1:03  SCV  
  18  1:15  SCV  
  19  1:27  Orbital Command  
  19  1:28  Reaper  
  20  1:33  Supply Depot  
  20  1:41  Factory  
  20  1:53  SCV  
  21  2:00  Reaper  
  22  2:05  SCV  
  23  2:17  SCV  
  23  2:21  Command Center  
  24  2:26  Hellion  
  26  2:31  SCV  
  26  2:32  Barracks Tech Lab  
  27  2:40  Supply Depot  
  27  2:43  SCV  
  28  2:56  SCV  
  29  2:59  Starport  
  29  3:02  Cyclone  
  29  3:05  Barracks Tech Lab  
  32  3:08  SCV  
  33  3:20  SCV  
  34  3:32  SCV  
  35  3:34  Cyclone, Orbital Command  
  35  3:38  Refinery  
  35  3:40  Barracks Reactor  
  38  3:43  Banshee  
  38  3:45  SCV  
  42  3:54  Supply Depot  
  42  3:57  SCV  
  42  4:00  SCV  
  44  4:06  Siege Tank  
  48  4:10  SCV  
  48  4:13  SCV  
  48  4:16  Marine x2  
  51  4:28  Viking  
  47  4:33  Marine  
  47  4:34  Marine  
  48  4:38  Cyclone  
  48  4:39  SCV  
  48  4:40  SCV  
  50  4:51  SCV, Marine x2  
  50  4:52  SCV  
  54  4:57  Supply Depot  
  54  5:00  Raven  
  54  5:03  SCV  
  54  5:04  SCV  
  58  5:15  SCV  
  58  5:16  SCV  
  60  5:24  Siege Tank  
  60  5:27  SCV  
  64  5:28  SCV  
  64  5:31  Supply Depot, Marine x2  
  67  5:38  Command Center  
  67  5:39  SCV  
  67  5:40  SCV  
  69  5:43  Barracks  
  69  5:51  Barracks  
  69  5:53  SCV x2  
  71  5:59  Marine  
  71  6:00  Starport Reactor, Marine, Siege Tank  
  76  6:05  SCV  
  76  6:06  SCV  
  78  6:21  Supply Depot, SCV  
  78  6:22  Engineering Bay x2, SCV, Marine x2  
  82  6:34  SCV, Siege Tank  
  82  6:36  Stimpack  
  86  6:42  SCV, Marine  
  86  6:43  Refinery  
  86  6:44  Supply Depot  
  86  6:45  Starport Reactor  
  86  6:46  SCV  
  89  6:50  Orbital Command  
  89  6:51  Terran Infantry Weapons Level 1  
  89  6:53  Terran Infantry Armor Level 1  
  89  6:55  SCV  
  89  6:56  Marine  
  89  6:57  Marine x2  
  89  6:58  SCV  
  89  6:59  Marine  
  89  7:00  Marine  
  96  7:07  SCV  
  97  7:10  SCV, Siege Tank  
  97  7:14  Marine  
  97  7:15  Supply Depot  
  101  7:16  SCV  
  101  7:17  Supply Depot  
  101  7:19  SCV  
  101  7:21  Marine x3  
  101  7:22  SCV  
  107  7:28  SCV  
  109  7:30  Medivac x2  
  109  7:31  SCV  
  109  7:32  Marine  
  114  7:37  Marine  
  114  7:38  Marine  
  114  7:41  SCV, Armory, Barracks  
  114  7:42  Barracks, SCV  
  114  7:43  SCV  
  119  7:44  Marine  
  119  7:46  Marine  
  119  7:50  Marine  
  121  7:54  SCV x2  
  121  7:55  Marine  
  121  7:56  Marine  
  125  7:59  Siege Tank  
  125  8:02  Marine  
  125  8:03  SCV  
  125  8:04  Marine  
  131  8:08  Marine  
  133  8:14  Supply Depot  
  133  8:15  Marine  
  133  8:16  Supply Depot x2  
  133  8:18  Refinery  
  133  8:19  Medivac, Marine  
  136  8:20  Refinery  
  136  8:21  Combat Shield  
  136  8:23  SCV x3  
  136  8:26  Command Center  
  139  8:28  Supply Depot  
  139  8:30  Barracks Reactor x2  
  139  8:37  Marine x4  
  139  8:38  Marine  
  139  8:40  Siege Tank  
  147  8:47  Factory  
  147  8:48  SCV  
  148  8:55  Marine x4  
  151  8:56  Marine  
  151  8:58  Medivac  
  151  9:00  Medivac  
  156  9:06  Marine x2  
  156  9:09  Marine x2  
  160  9:12  Marine  
  160  9:13  Marine x3  
  160  9:14  Marine  
  160  9:15  Terran Infantry Weapons Level 2  
  161  9:24  Marine x2  
  161  9:27  Marine  
  161  9:28  Medivac  
  161  9:30  Marine x3  
  169  9:31  Factory Tech Lab  
  169  9:34  Command Center  
  169  9:37  Marine  
  167  9:42  Terran Infantry Armor Level 2  
  167  9:49  Supply Depot  
  167  9:51  Supply Depot  
  167  9:53  Supply Depot  
  167  9:57  Marine  
  165  10:04  Marine x2  
  165  10:06  Marine x3  
  164  10:07  Marine  
  164  10:10  Supply Depot  
  164  10:11  Siege Tank x2, Marine x2  
  164  10:12  Supply Depot  
  173  10:15  Supply Depot, Marine  
  173  10:21  Marine  
  173  10:25  Marine x2  
  173  10:26  Marine x3  
  179  10:28  Marine  
  180  10:36  Marine x2  
  180  10:37  Sensor Tower  
  180  10:39  Marine  
  183  10:43  Siege Tank x2, Marine x3  
  183  10:44  SCV x3, Marine  
  183  10:46  Sensor Tower  
  183  10:48  Orbital Command  
  196  10:56  Medivac x2  
  200  11:00  Marine  
  193  11:15  Marine x2  
  193  11:19  Siege Tank  
  193  11:20  Siege Tank  
  193  11:23  Command Center  
  198  11:26  Barracks  
  198  11:28  Barracks  
  198  11:33  Terran Infantry Weapons Level 3  
  198  11:38  Marine x2  
  200  11:50  Marine x3  
  200  11:52  Marine x2  
  192  11:54  Siege Tank x2  
  192  11:55  Medivac x2  
  199  12:01  Terran Vehicle Weapons Level 1  
  199  12:06  Marine  
  200  12:14  Marine  
  200  12:16  Refinery x2  
  200  12:17  Barracks Reactor  
  200  12:18  Barracks Reactor  
  200  12:28  Command Center  
  199  12:39  Sensor Tower  
  184  12:49  Marine x2  
  184  12:51  Marine  
  168  13:02  Marine x2  
  168  13:03  Marine x6  
  168  13:04  Marine x2  
  168  13:05  Medivac x2, Siege Tank x2  
  151  13:07  Marine x2  
  151  13:09  Marine  
  155  13:16  Orbital Command  
  155  13:20  Marine x4  
  155  13:21  Marine x5  
  155  13:25  Marine x3  
  167  13:31  Marine  
  165  13:35  Medivac x2  
  165  13:37  Siege Tank  
  165  13:38  Marine x6  
  165  13:39  Marine x3  
  165  13:40  Siege Tank  
  182  13:49  Marine x2  
  182  13:50  Marine x2  
  186  13:56  Marine x6  
  186  14:00  Missile Turret  
  191  14:04  Sensor Tower  
  194  14:10  Marine x2  
Show
View Real Time Build Order
Export as new Build Order

LiquidClem Terran - Winner!

Build Orders: Gas First Reaper Expand, Hellion Opening 

Get SALT Encoding   

  12  0:00  SCV  
  13  0:12  SCV  
  14  0:17  Supply Depot  
  14  0:24  SCV  
  15  0:34  Refinery  
  15  0:39  SCV  
  16  0:45  Barracks  
  16  0:51  SCV  
  17  1:03  SCV  
  18  1:15  SCV  
  19  1:32  Orbital Command  
  19  1:33  Reaper  
  20  1:45  Command Center  
  20  1:57  Factory  
  20  2:00  SCV  
  21  2:09  Supply Depot  
  21  2:11  Barracks Reactor  
  21  2:14  SCV  
  22  2:20  Refinery  
  22  2:26  SCV  
  23  2:38  SCV  
  24  2:47  Starport  
  24  2:50  SCV, Hellion  
  24  2:51  Hellion  
  29  2:55  Barracks Tech Lab  
  29  3:00  Orbital Command  
  29  3:13  Concussive Shells, Marauder  
  29  3:14  Hellion  
  29  3:19  Hellion  
  35  3:24  Medivac, Orbital Command  
  37  3:34  Supply Depot  
  38  3:35  Marauder  
  38  3:39  Hellion  
  41  3:44  Hellion  
  41  3:46  SCV  
  44  3:51  SCV  
  44  3:54  Starport Tech Lab  
  45  3:58  SCV  
  45  4:00  Refinery  
  45  4:02  Supply Depot  
  46  4:06  SCV  
  46  4:09  Marine x2  
  49  4:12  Raven  
  49  4:14  SCV  
  52  4:20  SCV  
  51  4:27  Marine  
  51  4:28  Marine  
  51  4:32  Siege Tank  
  51  4:33  SCV x2  
  50  4:45  SCV x2  
  52  4:50  Command Center  
  52  4:57  SCV x2  
  52  5:00  Raven  
  52  5:05  Supply Depot, Marine x2  
  56  5:09  SCV x2  
  56  5:12  Cyclone  
  61  5:17  Supply Depot  
  62  5:21  SCV  
  62  5:26  SCV  
  62  5:27  Marine x2  
  63  5:33  SCV  
  64  5:38  SCV  
  65  5:43  Raven  
  65  5:45  SCV  
  68  5:50  Barracks  
  68  5:51  SCV  
  68  5:52  Barracks, Marine x2  
  68  5:54  Siege Tank  
  73  5:58  SCV  
  73  6:03  SCV  
  75  6:04  Supply Depot  
  75  6:07  Orbital Command  
  75  6:10  SCV, Marine x2  
  78  6:13  Refinery  
  78  6:15  SCV  
  79  6:22  SCV  
  79  6:24  Engineering Bay  
  79  6:25  Engineering Bay  
  79  6:26  Siege Tank  
  79  6:27  SCV  
  79  6:32  SCV  
  84  6:34  SCV  
  84  6:39  SCV  
  86  6:40  Viking  
  86  6:41  Viking, Marine x3  
  86  6:44  Orbital Command  
  93  6:49  Supply Depot  
  93  6:50  SCV  
  93  6:51  SCV  
  93  6:53  Terran Infantry Weapons Level 1  
  93  6:54  Terran Infantry Armor Level 1  
  93  7:02  SCV  
  93  7:03  SCV  
  93  7:04  Siege Tank  
  98  7:10  SCV  
  98  7:11  Marine  
  98  7:13  Stimpack  
  98  7:14  SCV  
  103  7:15  SCV  
  103  7:17  Supply Depot  
  103  7:22  Barracks Reactor x2, SCV  
  102  7:26  Barracks x2  
  102  7:27  SCV  
  102  7:29  Refinery  
  103  7:30  SCV, Refinery  
  103  7:33  Marine  
  103  7:35  SCV  
  106  7:39  SCV, Siege Tank  
  106  7:42  SCV  
  111  7:46  Supply Depot  
  111  7:47  SCV  
  112  7:51  SCV  
  112  7:54  SCV  
  112  7:55  Marine  
  112  7:57  Supply Depot  
  115  7:59  Command Center, Medivac  
  117  8:06  Supply Depot  
  117  8:07  Medivac, Marine x4  
  117  8:08  SCV  
  117  8:12  Sensor Tower  
  121  8:13  SCV  
  121  8:15  Supply Depot  
  121  8:17  Siege Tank  
  121  8:18  Barracks Reactor x2  
  125  8:23  Armory, Marine  
  125  8:25  Marine  
  125  8:26  SCV  
  129  8:29  Marine x2  
  129  8:30  Marine  
  129  8:32  Supply Depot  
  131  8:38  Viking, Factory  
  133  8:41  Viking, Marine  
  133  8:46  Marine  
  133  8:47  Marine x2  
  138  8:49  Marine  
  138  8:52  Siege Tank  
  138  8:54  Marine  
  138  8:55  Marine x3  
  142  8:59  Marine  
  142  9:00  Combat Shield  
  145  9:03  Supply Depot  
  145  9:04  Marine x2  
  145  9:07  Supply Depot  
  147  9:16  Marine  
  147  9:17  Marine x3  
  147  9:18  Refinery, Marine x2  
  147  9:19  SCV  
  147  9:20  Marine  
  147  9:21  Refinery, SCV  
  147  9:22  Marine  
  154  9:24  Sensor Tower  
  154  9:27  Marine  
  154  9:30  Siege Tank  
  157  9:34  Marine  
  157  9:35  Marine  
  157  9:36  Factory Tech Lab  
  157  9:37  Marine  
  157  9:39  Marine  
  157  9:40  SCV  
  157  9:42  Viking, Sensor Tower  
  157  9:43  Viking, Marine  
  157  9:44  Terran Infantry Armor Level 2, Terran Infantry Weapons Level 2  
  164  9:46  SCV  
  164  9:47  SCV  
  164  9:50  Marine x3  
  164  9:51  Marine  
  164  9:52  SCV  
  164  9:56  Planetary Fortress  
  164  9:57  Supply Depot  
  164  9:58  SCV  
  164  9:59  Missile Turret  
  165  10:01  Siege Tank  
  165  10:06  SCV  
  166  10:09  Sensor Tower  
  166  10:10  Refinery x2  
  166  10:11  SCV x2  
  166  10:13  Marine  
  169  10:19  SCV  
  169  10:20  Marine  
  171  10:23  SCV  
  171  10:24  Siege Tank  
  171  10:25  Terran Vehicle Weapons Level 1  
  175  10:28  Marine  
  175  10:29  Marine x4  
  175  10:30  Supply Depot  
  175  10:31  Marine  
  175  10:35  Siege Tank  
  186  10:36  Viking  
  186  10:38  Marine  
  189  10:43  Viking  
  189  10:46  Marine x2  
  189  10:47  Marine x3  
  194  10:53  Command Center  
  191  11:09  Viking  
  182  11:13  Viking  
  182  11:14  Marine x4  
  182  11:15  Marine x3  
  191  11:22  Siege Tank x2  
  191  11:25  Starport  
  197  11:26  Starport, Marine  
  198  11:33  Command Center  
  198  11:36  Missile Turret  
  195  11:40  Viking  
  195  11:43  Viking  
  191  11:54  Siege Tank  
  191  11:57  Siege Tank  
  191  12:00  Marine  
  198  12:07  Missile Turret  
  198  12:10  Viking  
  198  12:11  Starport Tech Lab x2  
  199  12:22  Marine  
  199  12:25  Refinery  
  199  12:26  Engineering Bay  
  199  12:27  Refinery  
  199  12:28  Missile Turret  
  199  12:29  Sensor Tower  
  200  12:30  Command Center  
  200  12:31  Planetary Fortress  
  200  12:32  Command Center  
  200  12:35  Command Center  
  198  12:44  Siege Tank  
  193  12:48  Viking x2  
  193  12:49  Marine x4  
  193  12:51  Marine x2  
  187  12:59  Siege Tank, Marine x2  
  187  13:01  SCV x3  
  187  13:03  Marine  
  180  13:09  Marine x2  
  180  13:10  Marine  
  180  13:12  SCV  
  184  13:13  SCV x3  
  184  13:18  Medivac x2  
  191  13:20  Marine  
  191  13:24  SCV  
  191  13:25  SCV  
  191  13:26  Raven  
  196  13:27  Viking  
  196  13:31  Marine x2  
  200  13:39  Supply Depot  
  199  13:56  Refinery  
  199  13:57  Refinery, Missile Turret  
  199  13:59  Sensor Tower  
  200  14:17  Missile Turret  
Tags
 
Add a new tag
Caveats
  • Supply blocks, unpowered buildings, or Contaminate may cause inaccurate times.
  • Supply counts are checked every 10 seconds.